 Dungeon Crawl Stone Soup version 0.18.1-50-g88ac8fd (webtiles) character file.

4599 recordrepeat the Cleaver (level 10, -2/90 HPs)
             Began as a Hill Orc Fighter on Oct 28, 2016.
             Was an Initiate of Beogh.
             Slain by a hill giant
             ... wielding a +0 giant club
              (16 damage)
             ... on level 11 of the Dungeon.
             The game lasted 00:25:18 (8411 turns).

recordrepeat the Cleaver (Hill Orc Fighter)         Turns: 8411, Time: 00:25:19

Health: -2/90      AC: 17    Str: 21    XL:     10   Next: 41%
Magic:  10/10      EV:  9    Int:  8    God:    Beogh [......]
Gold:   363        SH:  0    Dex: 12    Spells: 0 memorised, 9 levels left

rFire  . . .     SeeInvis .     o - +2 battleaxe (freeze)
rCold  . . .     Gourm    .     l - +0 chain mail
rNeg   . . .     Faith    .     (shield currently unavailable)
rPois  .         Spirit   .     H - +0 helmet
rElec  .         Dismiss  .     e - +0 cloak
rCorr  .         Reflect  .     (no gloves)
SustAt +         Harm     .     (no boots)
MR     .....                    (no amulet)
Stlth  ..........               p - ring of sustain attributes
                                n - +3 ring of protection

@: not resistant to hostile enchantments, extremely unstealthy
A: no striking features
a: Renounce Religion


You were on level 11 of the Dungeon.
You worshipped Beogh.
Beogh was noncommittal.
You were hungry.

You visited 1 branch of the dungeon, and saw 9 of its levels.

You collected 363 gold pieces.

Inventory:

Hand Weapons
 a - a +0 war axe
 o - a +2 battleaxe of freezing (weapon)
 y - a +2 battleaxe
 D - a +2 falchion
Armour
 c - a +0 shield
 e - a +0 cloak (worn)
 l - a +0 chain mail (worn)
 H - a +0 helmet (worn)
 K - the +0 leather armour of the Other World {+Blink Regen+ Slay-2}
   (You found it on level 7 of the Dungeon)

   It affects your accuracy and damage with ranged weapons and melee attacks
   (-2).
   It lets you blink.
   It increases your rate of regeneration.
 L - the +2 leather armour "Osiowya" {MR+ Dex+4, unknown}
   (You found it on level 11 of the Dungeon)

   It affects your dexterity (+4).
   It affects your resistance to hostile enchantments.
Jewellery
 n - a +3 ring of protection (left hand)
 p - a ring of sustain attributes (right hand)
Wands
 w - a wand of lightning (12/15)
 x - a wand of teleportation (3/9)
 C - a wand of paralysis (5/24)
 E - a wand of iceblast (4/15)
 G - a wand of flame (30/48)
Scrolls
 b - 2 scrolls of immolation {unknown}
 g - 2 scrolls of magic mapping {unknown}
 h - 2 scrolls of teleportation {unknown}
 i - 7 scrolls of remove curse
 k - 2 scrolls of noise {unknown}
 m - 2 scrolls of random uselessness
 q - a scroll of recharging {unknown}
 s - 2 scrolls of identify
 t - a scroll of holy word {unknown}
 u - a scroll of amnesia {unknown}
 B - a scroll of enchant armour {unknown}
 J - 2 scrolls of blinking {unknown}
Potions
 d - 3 potions of might
 j - 4 potions of curing
 r - 2 potions of haste
 A - a potion of invisibility
Comestibles
 f - 7 bread rations
 v - 2 slices of pizza
 z - 7 fruits
 I - 2 meat rations


   Skills:
 + Level 8.4 Fighting
 + Level 10.6 Axes
 + Level 9.7 Armour
 + Level 3.1 Dodging
 + Level 1.5 Stealth
 + Level 6.8 Shields


You had 9 spell levels left.
You didn't know any spells.

Dungeon Overview and Level Annotations

Branches:
Dungeon (8/15)             Temple (0/1) D:5
   Lair: D:8-11

Altars:
Cheibriados
Dithmenos
Elyvilon
Fedhas
Gozag
Kikubaaqudgha
Qazlal
Ru
Trog
Xom

Shops:
D:7 *


Message History

You slash something! You freeze something. Beogh accepts your kill.
Reactivating autopickup.
You feel a bit more experienced.
You barely miss the hill giant.
The hill giant is severely wounded.
The hill giant closely misses you.
You hit the hill giant. You freeze the hill giant.
The hill giant is almost dead.
The hill giant hits you with a giant club!!
* * * LOW HITPOINT WARNING * * *
You hear a bark!
You barely miss the hill giant.
The hill giant is severely wounded.
The hill giant hits you with a giant club!
* * * LOW HITPOINT WARNING * * *
Your chain mail prevents you from hitting the hill giant.
The hill giant is severely wounded.
The hill giant hits you with a giant club!
You die...

#..###.###.###.#
#..#...# .... .#
#..###)###.###.#
................#
...l....#####....##
..........# ##.h.##
..>#......# #....#
...#...##########C..#
.. .... .......@...#
.z ..........##
.............
.............#
.........#...#
.........#...#
.............#
.......... ...


You could see a hill giant and a hound.

Vanquished Creatures
  An unseen horror (D:11)
  Pikel (D:5)
  A manticore (D:11)
  Joseph (D:7)
  The ghost of HuggableSnail the Conjurer, an amateur DECj (D:5)
  A spriggan (D:7)
  A hippogriff (D:7)
  2 ice beasts
  Menkaure (D:5)
  A black bear (D:7)
  A necrophage (D:11)
  A sky beast (D:11)
  3 ogres
  2 centaurs
  2 giant frogs
  The ghost of jettdestin the Grasshopper, a weakling TrWr (D:4)
  3 scorpions
  3 killer bees (D:11)
  5 wights (D:4)
  3 howler monkeys
  3 crimson imps
  A centaur zombie (D:7)
  A hound (D:6)
  2 jellies (D:6)
  3 orc wizards
  2 centaur skeletons (D:5)
  A giant frog skeleton (D:11)
  4 worker ants
  An iguana (D:6)
  A hound skeleton (D:5)
  A worker ant zombie (D:6)
  8 adders
  A howler monkey skeleton (D:6)
  2 shadow imps
  5 worms
  2 giant geckos (D:1)
  7 orcs
  3 giant cockroaches
  3 goblins
  5 hobgoblins
  11 jackals
  8 kobolds
  4 quokkas
  2 ball pythons
  10 bats
  6 giant newts
  A jackal skeleton (D:4)
  11 rats
144 creatures vanquished.

Vanquished Creatures (others)
  An orc priest (D:11)
  2 slaves (D:5)
  3 killer bees (D:11)
  3 orc wizards (D:11)
  Crazy Yiuf (D:5)
  An iguana (D:5)
  A quokka (D:5)
  2 butterflies (D:5)
14 creatures vanquished.

Grand Total: 158 creatures vanquished

Notes
Turn   | Place    | Note
--------------------------------------------------------------
     0 | D:1      | recordrepeat the Hill Orc Fighter began the quest for the Orb.
     0 | D:1      | Reached XP level 1. HP: 19/19 MP: 1/1
   399 | D:1      | Reached XP level 2. HP: 27/27 MP: 2/2
  1396 | D:2      | Reached XP level 3. HP: 33/33 MP: 3/3
  1422 | D:2      | Reached skill level 3 in Axes
  1491 | D:2      | Found a sacrificial altar of Ru.
  1631 | D:2      | Reached XP level 4. HP: 18/40 MP: 4/4
  1994 | D:2      | Noticed a moth of wrath
  1997 | D:2      | Found a bloodstained altar of Trog.
  2565 | D:3      | Found a blossoming altar of Fedhas.
  2565 | D:3      | Found an ancient bone altar of Kikubaaqudgha.
  2837 | D:4      | Reached XP level 5. HP: 41/46 MP: 5/5
  2866 | D:4      | Noticed jettdestin's ghost (weakling TrWr)
  2889 | D:4      | Killed jettdestin's ghost
  2992 | D:4      | Found a stormy altar of Qazlal.
  2993 | D:4      | Found a sacrificial altar of Ru.
  3095 | D:4      | Reached skill level 4 in Axes
  3095 | D:4      | Reached skill level 5 in Armour
  3095 | D:4      | Reached XP level 6. HP: 33/53 MP: 6/6
  3232 | D:4      | Reached skill level 1 in Dodging
  3232 | D:4      | Reached skill level 5 in Shields
  4029 | D:5      | Entered Level 5 of the Dungeon
  4029 | D:5      | Noticed HuggableSnail's ghost (amateur DECj)
  4032 | D:5      | Found an opulent altar of Gozag.
  4225 | D:5      | Reached XP level 7. HP: 60/60 MP: 7/7
  4236 | D:5      | Killed HuggableSnail's ghost
  4236 | D:5      | Reached skill level 5 in Axes
  4433 | D:5      | Found a snail-covered altar of Cheibriados.
  4540 | D:5      | Noticed Pikel
  4540 | D:5      | Reached skill level 5 in Fighting
  4550 | D:5      | HP: 3/61 [Pikel/whip of electrocution (9)]
  4551 | D:5      | Killed Pikel
  4551 | D:5      | Reached skill level 6 in Axes
  4551 | D:5      | Reached skill level 1 in Stealth
  4551 | D:5      | Reached XP level 8. HP: 4/69 MP: 8/8
  4733 | D:5      | Killed Crazy Yiuf
  4875 | D:5      | Found a staircase to the Ecumenical Temple.
  4954 | D:5      | Reached skill level 7 in Axes
  5110 | D:5      | Found a stormy altar of Qazlal.
  5121 | D:5      | Noticed Menkaure
  5247 | D:5      | Found a shimmering altar of Xom.
  5661 | D:5      | Killed Menkaure
  5722 | D:6      | Reached XP level 9. HP: 70/75 MP: 9/9
  5981 | D:6      | Reached skill level 8 in Axes
  6795 | D:7      | Noticed Joseph
  6798 | D:7      | Found a white marble altar of Elyvilon.
  6810 | D:7      | Killed Joseph
  6959 | D:7      | Reached skill level 9 in Axes
  7036 | D:7      | Found Ajevubbu's General Store.
  7161 | D:7      | Got a scorched leather armour
  7172 | D:7      | Identified the +0 leather armour of the Other World {+Blink Regen+ Slay-2} (You found it on level 7 of the Dungeon)
  7291 | D:7      | Found a shadowy altar of Dithmenos.
  7602 | D:8      | You fall through a shaft for 3 floors!
  7603 | D:11     | Became a worshipper of Beogh the Brigand
  7609 | D:11     | Reached XP level 10. HP: 83/88 MP: 10/10
  7622 | D:11     | Got a fine leather armour
  7650 | D:11     | Noticed a manticore
  7658 | D:11     | Reached skill level 10 in Axes
  8059 | D:11     | Killed a manticore
  8383 | D:11     | Noticed a hill giant
  8407 | D:11     | Killed an unseen horror
  8411 | D:11     | Slain by a hill giant

Skill      XL: |  1  2  3  4  5  6  7  8  9 10 |
---------------+-------------------------------+-----
Armour         | 4 5 6 7 9 |  9.7
Axes           | 3 4 6 7 9 10 | 10.6
Shields        | 4 5 6 |  6.8
Fighting       | 4 5 6 7 8 |  8.4
Dodging        | 1 2 3 |  3.1
Stealth        | 1 |  1.5

Action                   |  1- 3 |  4- 6 |  7- 9 | 10-12 || total
-------------------------+-------+-------+-------+-------++-------
Melee: War axe           |   136 |   181 |       |       ||   317
       Battleaxe         |       |     9 |   230 |    53 ||   292
Invok: Convert to Beogh  |       |       |     1 |       ||     1
  Use: Scroll            |       |     2 |     4 |     1 ||     7
  Eat: Chunk             |     2 |     7 |     5 |     2 ||    16
       Pizza             |       |     1 |       |       ||     1
       Beef jerky        |       |     1 |       |       ||     1
       Meat ration       |       |       |     1 |       ||     1
Armor: Scale mail        |    37 |       |       |       ||    37
       Chain mail        |    42 |   133 |   186 |    43 ||   404
Dodge: Dodged            |    33 |    44 |   104 |    31 ||   212
Block: Shield            |    81 |   111 |       |       ||   192
